 Dungeon Crawl Stone Soup version 0.31-a0-1611-g890cdf5628 (webtiles) character file.

Game seed: 16084407456740678239

18 bjtr the Sneak (level 2, 0/13 HPs)
             Began as a Vine Stalker Enchanter on Jan 9, 2024.
             Succumbed to a scorpion's poison
             ... on level 2 of the Dungeon.
             The game lasted 00:01:54 (757 turns).

bjtr the Sneak (Vine Stalker Enchanter)              Turns: 757, Time: 00:01:54

Health: 0/13       AC:  2    Str: 10    XL:     2   Next: 66%
Magic:  6/6        EV: 12    Int: 15    God:
Gold:   58         SH:  0    Dex: 14    Spells: 3/5 levels left

rFire   . . .        a - +1 dagger
rCold   . . .        (no shield)
rNeg    . . .        b - +0 robe
rPois   .            (no helmet)
rElec   .            (no cloak)
rCorr   .            (no gloves)
SInv    .            (no boots)
Will    .....        (no amulet)
Stlth   +            (no ring)
HPRegen 1.02/turn    (no ring)
MPRegen 0.10/turn

%: guardian spirit
@: confused, lethally poisoned (0 -> -14), ambrosia-drunk, very slightly
contaminated
A: fangs 2, regeneration 1, magic shield, antimagic bite, no potion heal 2
a: no special abilities


You were on level 2 of the Dungeon.
You visited 1 branch of the dungeon, and saw 2 of its levels.

You collected 58 gold pieces.

Inventory:

Hand Weapons
 a - a +1 dagger (weapon)
 d - a +0 short sword
 h - a +0 hand axe
Armour
 b - a +0 robe (worn)
Potions
 c - 2 potions of invisibility
 f - 2 potions of curing {unknown}
 g - a potion of brilliance {unknown}


   Skills:
 + Level 0.2 Fighting
 * Level 1.2 Short Blades
 + Level 1.6 Dodging
 + Level 3.9 Stealth
 + Level 2.4 Spellcasting
 + Level 3.2 Hexes


You had 3 spell levels left.
You knew the following spells:

 Your Spells              Type           Power      Damage    Failure   Level
a - Ensorcelled Hibernat  Hex/Ice        12%        N/A       17%         2

Your spell library contained the following spells:

 Spells                   Type           Power      Damage    Failure   Level
 Confusing Touch          Hex            11%        N/A       17%         3
 Tukima's Dance           Hex            11%        N/A       17%         3
 Dazzling Flash           Conj/Hex       12%        N/A       32%         3


Dungeon Overview and Level Annotations

Branches:
Dungeon (2/15)

Altars:


Innate Abilities, Weirdness & Mutations

You have extremely sharp teeth.
Your natural rate of healing is unusually fast.
When hurt, damage is shared between your health and your magic reserves.
Your bite disrupts and absorbs the magic of your enemies.
Potions cannot restore your health.


Message History

You kill the quokka!
Your magical contamination has completely faded away.
Magic restored.
You see here a quokka corpse.
Found a hand axe.
Found a stone staircase leading up.
You see here a +0 hand axe.
h - a +0 hand axe
Found 6 stones.
A scorpion comes into view.
The scorpion stings you but does no damage.
Casting: Ensorcelled Hibernation (safe; 17% risk of failure)
Confirm with . or Enter, or press ? or * to list all spells.
Aiming: Ensorcelled Hibernation (safe; 17% risk of failure)
Press: ? - help, Shift-Dir - straight line, f - scorpion
Aim: a scorpion (chance to affect: 39%)
You miscast Ensorcelled Hibernation.
You are very lightly contaminated with residual magic.
Nothing appears to happen.
The scorpion stings you.
You are poisoned.
The scorpion poisons you!
Unknown command.
Casting: Ensorcelled Hibernation (safe; 17% risk of failure)
Confirm with . or Enter, or press ? or * to list all spells.
Aiming: Ensorcelled Hibernation (safe; 17% risk of failure)
Press: ? - help, Shift-Dir - straight line, f/p - scorpion
Aim: a scorpion (chance to affect: 39%)
Okay, then.
Unknown command.
You closely miss the scorpion.
You bite the scorpion, but do no damage.
You feel very sick. The scorpion stings you.
You are more poisoned.
The scorpion poisons you!
Unknown command.
Unknown command.
It was a potion of ambrosia.
You are confused.
Your system rejects the healing.
You feel invigorated.
You die...

##### #######(..#
#.........####### ###
#.## #...@s...... ...
...#.########## #.#
#.#.####### #.#
#.........# #.#
#.#.#####.######.######
#.#.# ..............
####.#.# #######.####.#
....#.######## #.# #.#
######.##.##.....#
###.# #.#


You could see a scorpion.

Vanquished Creatures
  2 dart slugs (D:1)
  An endoplasm (D:1)
  A giant cockroach (D:1)
  A goblin (D:1)
  4 jackals (D:1)
  A kobold (D:1)
  A quokka (D:2)
11 creatures vanquished.

Notes
Turn   | Place    | Note
-------+----------+-------------------------------------------
     0 | D:1      | bjtr the Vine Stalker Enchanter began the quest for the
                  | Orb.
     0 | D:1      | Reached XP level 1. HP: 9/9 MP: 4/4
    55 | D:1      | Reached skill level 1 in Short Blades
   103 | D:1      | Reached XP level 2. HP: 13/13 MP: 4/6
   128 | D:1      | Learned a level 2 spell: Ensorcelled Hibernation
   464 | D:1      | Found a faded altar of an unknown god.
   751 | D:2      | Noticed a scorpion
   757 | D:2      | Succumbed to a scorpion's poison

Illustrated notes

Levels and vault maps discovered:
D:1:      lightli_arrival_chessboard, layout_rooms,
          shapermc_ecumenical_altar_mp_vishouse
D:2:      layout_loops_ring

Skill      XL: |  1 |
---------------+----+-----
Short Blades   | 1 |  1.2
Fighting       | |  0.2
Dodging        | |  1.6
Stealth        | |  3.9
Spellcasting   | |  2.4
Hexes          | |  3.2

Action                     || total
---------------------------++-------
  Melee: Dagger            ||    49
         Bite              ||     6
   Cast: Ensorcelled Hiber ||     3
    Use: Potion            ||     1
   Stab: Sleeping          ||     3
 Armour: Robe              ||    33
  Dodge: Dodged            ||    22

Table legend: (Time is in decaauts)
 A = Elapsed time spent in this place.
 B = Non-inter-level travel time spent in this place.
 C = Inter-level travel time spent in this place.
 D = Time resting spent in this place.
 E = Time spent auto-exploring this place.
 F = Levels seen in this place.
 G = Mean time per level.
                   A        B        C        D        E       F      G
               +--------+--------+--------+--------+--------+-----+--------+
         Total |    753 |    750 |      3 |      0 |    634 |   2 |  376.5 |
       Dungeon |    753 |    750 |      3 |      0 |    634 |   2 |  376.5 |
               +--------+--------+--------+--------+--------+-----+--------+

Top non-repeatable levels by time:
     D:1: 591 daAuts
     D:2: 162 daAuts
